 Dungeon Crawl Stone Soup version 0.24.0-1-gfbc8707 (webtiles) character file.

Game seed: 351769982750935440, levelgen mode: deterministic

92 Buxparty the Ducker (level 4, -6/33 HPs)
             Began as a Mummy Gladiator on Jan 6, 2020.
             Killed from afar by Natasha (8 damage)
             ... with a magic dart
             ... on level 2 of the Dungeon.
             The game lasted 00:03:24 (1884 turns).

Buxparty the Ducker (Mummy Gladiator)               Turns: 1884, Time: 00:03:24

Health: -6/33      AC:  4    Str: 18    XL:     4   Next: 35%
Magic:  4/4        EV: 13    Int:  7    God:
Gold:   25         SH:  0    Dex: 13    Spells: 3/3 levels left

rFire    x . .     SeeInvis .   a - +0 flail
rCold    + . .     Gourm    .   (no shield)
rNeg     + + +     Faith    .   b - +0 leather armour
rPois    ∞         Spirit   .   c - +0 helmet
rElec    .         Reflect  .   (no cloak)
rCorr    .         Harm     .   (no gloves)
MR       .....                  (no boots)
Stlth    +.........             (no amulet)
HPRegen  0.11/turn              (no ring)
MPRegen  0.09/turn              (no ring)

@: no status effects
A: no food or potions, fire vulnerability, cold resistance 1, negative energy
resistance 3, torment resistance, unbreathing
a: no special abilities


You were on level 2 of the Dungeon.
You were not hungry.

You visited 1 branch of the dungeon, and saw 2 of its levels.

You collected 25 gold pieces.

Inventory:

Hand Weapons
 a - a +0 flail (weapon)
Missiles
 d - 3 throwing nets (quivered)
Armour
 b - a +0 leather armour (worn)
 c - a +0 helmet (worn)
Jewellery
 f - a cursed ring of attention {unknown}
Scrolls
 e - a scroll of identify {unknown}


   Skills:
 - Level 2.0 Fighting
 + Level 3.4 Maces & Flails
 - Level 1.5 Throwing
 + Level 3.4 Dodging


You had 3 spell levels left.
You didn't know any spells.
Your spell library was empty.

Dungeon Overview and Level Annotations

Branches:
Dungeon (2/15)

Altars:

Annotations:
D:2 1 runed translucent door, Crazy Yiuf, Natasha


Innate Abilities, Weirdness & Mutations

You do not eat or drink.
Your flesh is vulnerable to fire.
You are immune to poison.
Your flesh is cold resistant. (rC+)
You are immune to negative energy. (rN+++)
You are immune to unholy pain and torment.
You can survive without breathing.


Message History

You feel yourself slow down. Natasha completely misses you.
The white imp disappears in a puff of smoke!
Natasha closely misses you.
Natasha mumbles some strange words.
The crimson imp blinks!
Natasha misses you. The crimson imp misses you.
The crimson imp blinks!
Natasha casts a spell at you. You resist with some effort.
You feel yourself speed up.
Natasha stares at you and mumbles some strange words.
The magic dart hits you.
* * * LOW HITPOINT WARNING * * *
The crimson imp blinks!
The crimson imp barely misses you.
Natasha wildly gestures.
Natasha glows brightly for a moment.
Natasha casts a spell at you. The magic dart hits you!
You die...

♣♣)♣ ##..#..###.######. ♣)♣♣
.#..#..##......... ♣♣.♣
#.............####. ♣.♣♣
#..#.#....###.# #. #+#
##.#.#....# #.# #. ... #...#....#
#.# #. #.).# #...#....# #.# #.
#### #)..# ###........# #.# #.
#..# ##### #..@#...#..# #.# #.
#.## #.h5....#..###.#
#.############..............#
#......................##### ##
#.######.................... ...
#......#.###########...####...###
#5..##.#...................... ..
#.#5# ##############..####.# ##
..#'## #.......#


You could see Natasha and a crimson imp.

Vanquished Creatures
  Natasha (D:2)
  An adder (D:2)
  2 oozes (D:1)
  2 leopard geckos
  A ball python (D:1)
  2 giant cockroaches (D:1)
  7 goblins (D:1)
  2 hobgoblins
  7 jackals (D:1)
  A quokka (D:2)
  9 bats
  3 frilled lizards (D:1)
  3 kobolds (D:1)
  4 rats
45 creatures vanquished.

Notes
Turn   | Place    | Note
-------+----------+-------------------------------------------
     0 | D:1      | Buxparty the Mummy Gladiator began the quest for the Orb.
     0 | D:1      | Reached XP level 1. HP: 16/16 MP: 1/1
   176 | D:1      | Reached XP level 2. HP: 14/22 MP: 2/2
   724 | D:1      | Reached XP level 3. HP: 27/27 MP: 3/3
  1666 | D:2      | Found a runed translucent door.
  1667 | D:2      | Noticed Crazy Yiuf
  1837 | D:2      | Noticed Natasha
  1845 | D:2      | Killed Natasha
  1845 | D:2      | Reached XP level 4. HP: 3/33 MP: 4/4
  1858 | D:2      | Noticed Natasha
  1880 | D:2      | HP: 1/33 [Natasha/magic dart (6)]
  1884 | D:2      | Killed from afar by Natasha

Levels and vault maps discovered:
D:1:      ebering_trefoil_twist, layout_basic, kennysheep_boxes
D:2:      layout_basic, uniq_crazy_yiuf_cottage, uniq_natasha

Skill      XL: |  1  2 |
---------------+-------+-----
Maces & Flails | 3 |  3.4
Dodging        | 3 |  3.4
Fighting       | |  2.0
Throwing       | |  1.5

Action                   |  1- 3 |  4- 6 || total
-------------------------+-------+-------++-------
Melee: Flail             |   181 |       ||   181
Armor: Leather armour    |    64 |       ||    64
Dodge: Dodged            |   224 |     9 ||   233
